 Dungeon Crawl Stone Soup version 0.30-a0-782-ge64f9170bb (webtiles) character file.

Game seed: 2690501226844214641

153 112233 the Gusty (level 5, -2/28 HPs)
             Began as a Tengu Air Elementalist on Mar 2, 2023.
             Slain by a gnoll sergeant
             ... wielding a +0 trident
              (9 damage)
             ... on level 4 of the Dungeon.
             The game lasted 00:07:20 (4204 turns).

112233 the Gusty (Tengu Air Elementalist)           Turns: 4204, Time: 00:07:20

Health: -2/28      AC:  2    Str:  9      XL:     5   Next: 35%
Magic:  3/10       EV: 15    Int: 16 (17) God:
Gold:   158        SH:  0    Dex: 14      Spells: 4/10 levels left

rFire   . . .      SeeInvis .    o - +1 dagger (venom)
rCold   . . .      Faith    .    (no shield)
rNeg    . . .      Spirit   .    a - +0 robe
rPois   .          Reflect  .    (helmet restricted)
rElec   .          Harm     .    (no cloak)
rCorr   .          Rampage  .    (no gloves)
Will    .....                    (boots unavailable)
Stlth   ++                       (no amulet)
HPRegen 0.24/turn                (no ring)
MPRegen 0.12/turn                (no ring)

@: flying quickly and evasively, quick
A: beak, talons 3, nimble flight
a: no special abilities


You were on level 4 of the Dungeon.
You visited 1 branch of the dungeon, and saw 4 of its levels.

You collected 158 gold pieces.

Inventory:

Hand Weapons
 l - a +1 dagger of pain
 o - a +1 dagger of venom (weapon)
Armour
 a - a +0 robe (worn)
 i - a +1 tower shield of positive energy
Jewellery
 g - an amulet of magic regeneration
Scrolls
 b - 5 scrolls of teleportation {unknown}
 c - 2 scrolls of blinking {unknown}
 f - a scroll of magic mapping {unknown}
 h - a scroll of noise {unknown}
 j - 4 scrolls of identify {unknown}
 k - a scroll of enchant armour {unknown}
 m - a scroll of fog {unknown}
Potions
 d - a potion of degeneration
 e - a potion of attraction
 n - 2 potions of might {unknown}
 p - 2 potions of curing {unknown}
 q - a potion of haste {unknown}
 r - a potion of brilliance {unknown}


   Skills:
 + Level 3.4 Dodging
 - Level 2.0 Stealth
 + Level 3.0 Spellcasting
 + Level 3.3 Conjurations
 + Level 5.2 Air Magic


You had 4 spell levels left.
You knew the following spells:

 Your Spells              Type           Power      Damage    Failure   Level
a - Shock                 Conj/Air       64%        1d7       3%          1
b - Static Discharge      Conj/Air       32%        2-4/arc   4%          2
c - Swiftness             Air            19%        N/A       7%          3

Your spell library contained the following spells:

 Spells                   Type           Power      Damage    Failure   Level
 Apportation              Tloc           4%         N/A       19%         1
 Airstrike                Air            9%         2d(2-18)  22%         4
 Alistair's Intoxication  Tmut/Pois      1%         N/A       99%         5


Dungeon Overview and Level Annotations

Branches:
Dungeon (4/15)
 Temple: D:4-7

Altars:
Qazlal
Sif Muna
Trog

Shops:
D:3 [

Annotations:
D:3 Grinder


Innate Abilities, Weirdness & Mutations

You have a beak for a mouth.
You have claws for feet.
Your magical nature lets you fly swiftly and evasively.


Message History

Aiming: Shock (safe; 3% risk of failure)
Press: ? - help, Shift-Dir - straight line, f/p - gnoll sergeant
Aim: a gnoll sergeant, wielding a +0 trident and wearing a +0 ring mail (lightly wounded, 79% to hit)
The zap hits the gnoll sergeant.
The gnoll sergeant is lightly wounded.
Casting: Shock (safe; 3% risk of failure)
Confirm with . or Enter, or press ? or * to list all spells.
Aiming: Shock (safe; 3% risk of failure)
Press: ? - help, Shift-Dir - straight line, f/p - gnoll sergeant
Aim: a gnoll sergeant, wielding a +0 trident and wearing a +0 ring mail (lightly wounded, 79% to hit)
The zap hits the gnoll sergeant.
The gnoll sergeant is heavily wounded.
Casting: Shock (safe; 3% risk of failure)
Confirm with . or Enter, or press ? or * to list all spells.
Aiming: Shock (safe; 3% risk of failure)
Press: ? - help, Shift-Dir - straight line, f/p - gnoll sergeant
Aim: a gnoll sergeant, wielding a +0 trident and wearing a +0 ring mail (heavily wounded, 79% to hit)
The zap hits the gnoll sergeant but does no damage.
The gnoll sergeant is heavily wounded.
Casting: Shock (safe; 3% risk of failure)
Confirm with . or Enter, or press ? or * to list all spells.
Aiming: Shock (safe; 3% risk of failure)
Press: ? - help, Shift-Dir - straight line, f/p - gnoll sergeant
Aim: a gnoll sergeant, wielding a +0 trident and wearing a +0 ring mail (heavily wounded, 79% to hit)
The zap hits the gnoll sergeant.
The gnoll sergeant is heavily wounded.
The gnoll sergeant hits you from afar with a +0 trident!
The gnoll sergeant hits you with a +0 trident!
Casting: Shock (safe; 3% risk of failure)
Confirm with . or Enter, or press ? or * to list all spells.
The gnoll sergeant is struck by an arc of lightning.
The gnoll sergeant is severely wounded.
You are struck by an arc of lightning.
The gnoll sergeant is struck by an arc of lightning.
The gnoll sergeant is almost dead.
You are struck by an arc of lightning.
* * * LOW HITPOINT WARNING * * *
The lightning grounds out.
The gnoll sergeant hits you with a +0 trident!
You die...

. #g# ........#.#
#......###. #.#.#
........#.###.........#
#.#.##
..............###......
'....
................+......
#.#.#
#######.#...#.###......
#...### #.###.#.# #......
###...# #.....#.# #......
......#################.#
###+###
...............g@.......#
.....#..#################
###'##..# #.##..# #.##..#
#.#.... #..... #.....
#.....


You could see a gnoll sergeant.

Vanquished Creatures
  An iguana (D:4)
  7 adders
  A dart slug (D:4)
  An orc (D:4)
  6 endoplasms
  5 giant cockroaches
  5 goblins
  5 hobgoblins
  2 quokkas
  6 ball pythons
  3 bats
  3 frilled lizards
  3 kobolds
  14 rats
62 creatures vanquished.

Vanquished Creatures (others)
  A plant (D:1)
1 creature vanquished.

Grand Total: 63 creatures vanquished

Notes
Turn   | Place    | Note
-------+----------+-------------------------------------------
     0 | D:1      | 112233 the Tengu Air Elementalist began the quest for the
                  | Orb.
     0 | D:1      | Reached XP level 1. HP: 10/10 MP: 4/4
   410 | D:1      | Reached XP level 2. HP: 15/15 MP: 3/6
   413 | D:1      | Learned a level 2 spell: Static Discharge
  1618 | D:2      | Reached XP level 3. HP: 19/19 MP: 2/7
  2428 | D:2      | Reached XP level 4. HP: 20/24 MP: 2/8
  2796 | D:3      | Found a stormy altar of Qazlal.
  2879 | D:3      | Found a bloodstained altar of Trog.
  2893 | D:3      | Found Lugitiw's Antique Armour Shop.
  2983 | D:3      | Found a shimmering blue altar of Sif Muna.
  3142 | D:3      | Noticed Grinder
  3530 | D:3      | Reached skill level 5 in Air Magic
  3960 | D:4      | Gained mutation: Your magical nature lets you fly swiftly
                  | and evasively. [Tengu growth]
  3960 | D:4      | Reached XP level 5. HP: 28/28 MP: 5/10
  4070 | D:4      | Learned a level 3 spell: Swiftness
  4204 | D:4      | Slain by a gnoll sergeant

Illustrated notes

Levels and vault maps discovered:
D:1:      dpeg_arrival_boxes_within_box, layout_basic, serial_forest,
          infiniplex_forest_lined_room_2, infiniplex_forest_clump_double,
          infiniplex_forest_clump_diagonal, infiniplex_forest_clump_double,
          infiniplex_forest_zigzag_1, infiniplex_forest_lined_2, st_stairs_5,
          due_unseen_surprise
D:2:      layout_basic, serial_curves, eino_curves_02, eino_curves_03,
          minmay_rat_gold_closets
D:3:      layout_basic, nicolae_overflow_crystal_walls, old_standard_altar,
          nicolae_qazlal_general_emergency, serial_co_window_serial,
          co_window_paths_b, co_window_of_opportunity_a, co_window_corner_a,
          co_window_corner_a, co_window_cross_1, co_window_corner_ca,
          co_window_paths_c, co_window_broadway_c, co_window_2corner,
          co_window_unsneaky_path_e, glass_columns_c, glass_columns_b,
          glass_columns_b, glass_columns_a, serial_shops, shop, uniq_grinder
D:4:      layout_basic, minmay_temple_entry_wispy

Skill      XL: |  1  2  3  4  5 |
---------------+----------------+-----
Conjurations   | 2 3 |  3.3
Dodging        | 3 |  3.4
Air Magic      | 5 |  5.2
Spellcasting   | 3 |  3.0
Stealth        | |  2.0

Action                     |  1- 3 |  4- 6 || total
---------------------------+-------+-------++-------
  Melee: Dagger            |       |     1 ||     1
   Cast: Shock             |    87 |    76 ||   163
         Static Discharge  |     1 |     4 ||     5
    Use: Potion            |     6 |       ||     6
 Armour: Robe              |     4 |     2 ||     6
  Dodge: Dodged            |    27 |     4 ||    31

Table legend: (Time is in decaauts)
 A = Elapsed time spent in this place.
 B = Non-inter-level travel time spent in this place.
 C = Inter-level travel time spent in this place.
 D = Time resting spent in this place.
 E = Time spent auto-exploring this place.
 F = Levels seen in this place.
 G = Mean time per level.
                   A        B        C        D        E       F      G
               +--------+--------+--------+--------+--------+-----+--------+
         Total |   4194 |   4038 |    156 |    307 |   3259 |   4 | 1048.5 |
       Dungeon |   4194 |   4038 |    156 |    307 |   3259 |   4 | 1048.5 |
               +--------+--------+--------+--------+--------+-----+--------+

Top non-repeatable levels by time:
     D:2: 1521 daAuts
     D:1: 1275 daAuts
     D:3: 1095 daAuts
     D:4: 301 daAuts
